 Dungeon Sprint DCSS version 0.29-a0-870-g2c972031a6 (webtiles) character file.

Game seed: 4888753231078881856

7 manyhoops the Ruffian (level 2, -8/37 HPs)
             Began as a Human Berserker on July 17, 2022.
             Was a Follower of Trog.
             Mangled by a merfolk siren
             ... wielding a +0 spear
              (21 damage)
             ... in the Dungeon (Sprint II: "The Violet Keep of Menkaure").
             The game lasted 00:00:48 (148 turns).

manyhoops the Ruffian (Human Berserker)              Turns: 148, Time: 00:00:48

Health: -8/37      AC:  2    Str: 17    XL:     2   Next: 5%
Magic:  2/2        EV: 12    Int:  7    God:    Trog [*.....]
Gold:   243        SH:  0    Dex: 12    Spells: 1/1 levels left

rFire   . . .      SeeInvis .     - Unarmed
rCold   . . .      Faith    .   (no shield)
rNeg    . . .      Spirit   .   a - +0 animal skin
rPois   .          Reflect  .   (no helmet)
rElec   .          Harm     .   (no cloak)
rCorr   .          Rampage  .   (no gloves)
Will    .....      NoTele   +   (no boots)
Stlth   ..........              (no amulet)
HPRegen 0.12/turn               (no ring)
MPRegen 0.08/turn               (no ring)

@: berserking, very quick
A: no striking features
a: Renounce Religion, Berserk


You were in the Dungeon.
You worshipped Trog.
Trog was aware of your devotion.
You visited 1 branch You collected 243 gold pieces.

Inventory:

Armour
 a - a +0 animal skin (worn)
Scrolls
 g - a scroll of blinking
Potions
 b - a potion of curing
 c - a potion of heal wounds
 d - a potion of haste
 e - 2 potions of magic
 f - a potion of berserk rage


   Skills:
 + Level 3.9 Fighting
 - Level 2.0 Armour
 - Level 2.0 Dodging
 + Level 4.1 Unarmed Combat


You had one spell level left.
You didn't know any spells.
Your spell library was empty.

Dungeon Overview and Level Annotations

Branches:
Dungeon (1/1)

Altars:


Message History

Trog accepts your kill.
Your Unarmed Combat skill increases to level 4!
You have reached level 2!
Unknown command.
There is an open door here.
You see here a worm corpse.
You now have 243 gold pieces.
There is an open door here.
You see here a worm corpse.
You close the door, pushing everything out of the way.
There is a staircase leading out of the dungeon here.
You start resting.
HP restored.
You open the door.
A merfolk siren comes into view. It is wielding a +0 spear.
The merfolk siren shouts!
A red film seems to cover your vision as you go berserk!
You feel yourself moving faster!
You feel mighty!
The merfolk siren hits you from afar with a +0 spear.
You feel a strong urge to attack something.
The merfolk siren hits you with a +0 spear!
There is an open door here.
You punch the merfolk siren!
The merfolk siren is moderately wounded.
You hit the merfolk siren.
The merfolk siren is moderately wounded.
The merfolk siren misses you.
You hit the merfolk siren.
The merfolk siren is heavily wounded.
The merfolk siren barely misses you.
You hit the merfolk siren.
The merfolk siren is heavily wounded.
You punch the merfolk siren!
The merfolk siren is severely wounded.
The merfolk siren hits you with a +0 spear!
You barely miss the merfolk siren.
The merfolk siren is severely wounded.
The merfolk siren hits you with a +0 spear!!
Ouch! That really hurt!
You die... ## ## ##. .## .. .. ### B#B

## ##.###+#
#.##
#...##.##...#
+##.+.<.@m#
####.##...#
#+# #.## ##


You could see a merfolk siren.

Vanquished Creatures
  2 worms (D)
2 creatures vanquished.

Notes
Turn   | Place    | Note
-------+----------+-------------------------------------------
     0 | D        | manyhoops the Human Berserker began the quest for the Orb.
     0 | D        | Reached XP level 1. HP: 18/18 MP: 1/1
     1 | D        | Noticed a boulder beetle
     1 | D        | Noticed a boulder beetle
    24 | D        | Reached skill level 4 in Unarmed Combat
    24 | D        | Reached XP level 2. HP: 15/25 MP: 2/2
   140 | D        | Noticed a merfolk siren
   148 | D        | Mangled by a merfolk siren

Illustrated notes

Levels and vault maps discovered:
D:        the_violet_keep_of_menkaure [sprint2_stairs_cluster_1,
          sprint2_shoproom, sprint2_temple, sprint2_basic_supplies,
          sprint2_obstacle_6, sprint2_obstacle_3, sprint2_obstacle_4,
          sprint2_obstacle_1, sprint2_obstacle_7, sprint2_timed_cluster_1,
          sprint2_smallroom_cluster_1, sprint2_smallroom_final_cluster_1,
          sprint2_transparent_cluster_1, sprint2_second_timed_cluster_1,
          sprint2_sniper_area_1, sprint2_heavy_combat_area_1,
          sprint2_mutation_trap_area_1, sprint2_forest_area_1,
          sprint2_light_combat_area_1, sprint2_behind_water_1,
          sprint2_near_end_vault_1]

Skill      XL: |  1 |
---------------+----+-----
Unarmed Combat | 4 |  4.1
Fighting       | |  3.9
Armour         | |  2.0
Dodging        | |  2.0

Action                   || total
-------------------------++-------
Melee: Unarmed           ||    23
       Punch             ||     1
Invok: Berserk           ||     1
Armor: Animal skin       ||     2
Dodge: Dodged            ||     5

Table legend: (Time is in decaauts)
 A = Elapsed time spent in this place.
 B = Non-inter-level travel time spent in this place.
 C = Inter-level travel time spent in this place.
 D = Time resting spent in this place.
 E = Time spent auto-exploring this place.
 F = Levels seen in this place.
 G = Mean time per level.
                   A        B        C        D        E       F      G
               +--------+--------+--------+--------+--------+-----+--------+
         Total |    144 |    144 |      0 |    105 |      1 |   1 |  144.0 |
       Dungeon |    144 |    144 |      0 |    105 |      1 |   1 |  144.0 |
               +--------+--------+--------+--------+--------+-----+--------+

Top non-repeatable levels by time:
       D: 144 daAuts
